 Dungeon Crawl Stone Soup version 0.23-a0-49-gd9f7a49 (webtiles) character file.

644 Amnesiac the Digger (level 7, 0/46 HPs)
             Began as a Mummy Earth Elementalist on Aug 6, 2018.
             Slain by a centaur (5 damage)
             ... on level 6 of the Dungeon.
             The game lasted 00:04:55 (3289 turns).

Amnesiac the Digger (Mummy Earth Elementalist)      Turns: 3289, Time: 00:04:55

Health: 0/46       AC:  2    Str: 11      XL:     7   Next: 27%
Magic:  9/16       EV: 16    Int: 17      God:
Gold:   166        SH:  0    Dex: 11 (12) Spells: 3/18 levels left

rFire    x . .     SeeInvis .   b - staff of wizardry
rCold    + . .     Gourm    .   (no shield)
rNeg     + + +     Faith    .   c - +0 robe
rPois    ∞         Spirit   .   (no helmet)
rElec    .         Reflect  .   (no cloak)
rCorr    .         Harm     .   (no gloves)
MR       .....                  (no boots)
Stlth    ++........             (no amulet)
HPRegen  0.15/turn              e - +4 ring of evasion
MPRegen  0.15/turn              (no ring)

@: no status effects
A: no food or potions, fire vulnerability, cold resistance 1, negative energy
resistance 3, torment resistance, unbreathing
a: no special abilities


You were on level 6 of the Dungeon.
You were not hungry.

You visited 1 branch of the dungeon, and saw 6 of its levels.

You collected 166 gold pieces.

Inventory:

Hand Weapons
 a - a +4 flail of protection
Missiles
 f - 71 stones (quivered)
Armour
 c - a +0 robe (worn)
Magical Staves
 b - an uncursed staff of wizardry (weapon)
Jewellery
 e - a +4 ring of evasion (left hand)
Wands
 d - a wand of disintegration (28)
 g - a wand of iceblast (9)
 j - a wand of polymorph (9)
Scrolls
 h - a scroll of fog {!r}
 i - a scroll of enchant armour {!r, unknown}
 k - a scroll of fear {!r}
 l - a scroll of magic mapping {!r, unknown}
 m - a scroll of identify {!r}
 n - a scroll of immolation {!r, unknown}


   Skills:
 - Level 1.5 Dodging
 - Level 1.5 Stealth
 + Level 6.0 Spellcasting
 - Level 0.7 Transmutations
 * Level 6.0 Earth Magic


You had 3 spell levels left.
You knew the following spells:

 Your Spells              Type           Power        Failure   Level  Hunger
a - Sandblast             Erth           ####..       1%          1    N/A
b - Passwall              Tmut/Erth      ###.....     1%          2    N/A
c - Stone Arrow           Conj/Erth      ###...       4%          3    N/A
d - Lee's Rapid Deconstr  Erth           ####......   12%         5    N/A
e - Petrify               Tmut/Erth      ###.....     13%         4    N/A

Your spell library contained the following spells:

 Spells                   Type           Power        Failure   Level  Hunger


Dungeon Overview and Level Annotations

Branches:
Dungeon (6/15)
 Temple: D:4-7

Altars:
Qazlal
Trog

Portals:
Sewer: D:6

Annotations:
D:4 2 runed doors, biddum's ghost, amateur MiFi


Innate Abilities, Weirdness & Mutations

You do not eat or drink.
Your flesh is vulnerable to fire.
You are immune to poison.
Your flesh is cold resistant. (rC+)
You are immune to negative energy. (rN+++)
You are immune to unholy pain and torment.
You can survive without breathing.


Message History

Casting: Sandblast (safe; 1% risk of failure)
Confirm with . or Enter, or press ? or * to list all spells.
Aiming: Sandblast (safe; 1% risk of failure)
Press: ? - help, Shift-Dir - straight line, f/p - orc
Aim: an orc, wielding a flail The blast of sand hits the orc.
You kill the orc!
Your Spellcasting skill increases to level 6!
f - 53 stones
Casting: Sandblast (safe; 1% risk of failure)
Confirm with . or Enter, or press ? or * to list all spells.
You can't see any susceptible monsters within range! (Use Z to cast anyway.)
Found a scroll of identify and 21 stones.
Found a stone staircase leading down.
m - a scroll of identify {!r}
Found a scroll labeled CORIME QAR TAR.
f - 74 stones (gained 21)
Found a stone staircase leading down.
Found a stone staircase leading up.
Found a glowing grey potion.
Found a puce potion.
n - a scroll labeled CORIME QAR TAR {!r}
Found a scroll labeled CORIME QAR TAR.
You hear the quick rusting of a drain nearby.
A centaur comes into view.
The centaur shouts!
The centaur wields a shortbow.
The centaur shoots an arrow.
The arrow hits you!
You see here an arrow.
The centaur shoots an arrow.
The arrow closely misses you.
The centaur shoots an arrow.
The arrow hits you!
The centaur unwields an uncursed shortbow.
The centaur completely misses you.
Casting: Sandblast (safe; 1% risk of failure)
Confirm with . or Enter, or press ? or * to list all spells.
Aiming: Sandblast (safe; 1% risk of failure)
Press: ? - help, Shift-Dir - straight line, f - centaur
Aim: a centaur The blast of sand hits the centaur.
The centaur is moderately wounded.
f - 73 stones The centaur hits you!
* * * LOW HITPOINT WARNING * * *
The centaur misses you.
Casting: Sandblast (safe; 1% risk of failure)
Confirm with . or Enter, or press ? or * to list all spells.
Aiming: Sandblast (safe; 1% risk of failure)
Press: ? - help, Shift-Dir - straight line, f/p - centaur
Aim: a centaur (moderately wounded)
The blast of sand hits the centaur.
The centaur is severely wounded.
f - 72 stones The centaur hits you.
* * * LOW HITPOINT WARNING * * *
Casting: Sandblast (safe; 1% risk of failure)
Confirm with . or Enter, or press ? or * to list all spells.
Aiming: Sandblast (safe; 1% risk of failure)
Press: ? - help, Shift-Dir - straight line, f/p - centaur
Aim: a centaur (severely wounded)
The blast of sand misses the centaur.
f - 71 stones The centaur hits you!
* * * LOW HITPOINT WARNING * * *
The centaur hits you.
You die...

§.............
§............
............
#........
...........
##........
..........
#!........ .......
#.........
#8c8#######...>.....
#.@..............>.
#..................
#....(.............
#.?.............#..
#...............≈≈≈
#......(...<..#≈≈≈≈
###########....≈≈≈≈
#....≈≈≈∩ #.#.≈≈≈≈≈


You could see a centaur.

Vanquished Creatures
  An ogre (D:5)
  A bullfrog (D:6)
  3 crimson imps
  A quasit (D:6)
  A jelly (D:4)
  2 orc wizards (D:4)
  2 orc priests (D:5)
  A bullfrog skeleton (D:6)
  2 iguanas (D:4)
  A worker ant (D:4)
  2 adders
  3 gnolls (D:4)
  A shadow imp (D:5)
  2 oozes
  2 dart slugs
  2 leopard geckos
  12 orcs
  A bat (D:2)
  4 giant cockroaches
  2 goblins
  4 jackals
  A quokka (D:6)
  A ball python (D:2)
  2 kobolds
  A rat (D:1)
55 creatures vanquished.

Notes
Turn   | Place    | Note
-------+----------+-------------------------------------------
     0 | D:1      | Amnesiac the Mummy Earth Elementalist began the quest for the Orb.
     0 | D:1      | Reached XP level 1. HP: 13/13 MP: 4/4
   167 | D:2      | Reached XP level 2. HP: 14/19 MP: 5/5
   179 | D:2      | Learned a level 2 spell: Passwall
   403 | D:4      | Reached XP level 3. HP: 16/24 MP: 2/7
   476 | D:4      | Reached XP level 4. HP: 24/30 MP: 2/9
   481 | D:4      | Learned a level 3 spell: Stone Arrow
   486 | D:4      | Learned a level 4 spell: Petrify
   559 | D:4      | Found a stormy altar of Qazlal.
  1093 | D:4      | Reached XP level 5. HP: 35/35 MP: 1/11
  1244 | D:4      | Found a runed door.
  1244 | D:4      | Noticed biddum's ghost (amateur MiFi)
  1646 | D:4      | Found a runed door.
  1933 | D:5      | Entered Level 5 of the Dungeon
  1937 | D:5      | Found a bloodstained altar of Trog.
  2119 | D:5      | Reached XP level 6. HP: 41/41 MP: 2/13
  2210 | D:5      | Reached skill level 5 in Spellcasting
  2210 | D:5      | Reached skill level 5 in Earth Magic
  2306 | D:5      | Learned a level 5 spell: Lee's Rapid Deconstruction
  2885 | D:5      | Identified a scroll of acquirement {!r}
  2922 | D:6      | Found a glowing drain.
  2935 | D:6      | Reached XP level 7. HP: 16/46 MP: 0/15
  3289 | D:6      | Slain by a centaur

Vault maps used:
D:1:      dpeg_arrival_simpleton_a
D:2:      ashenzari_altar_1
D:3:      grunt_dithmenos_smoke_and_mirrors, zin_treasury
D:4:      kennysheep_mini, ebering_ghost_sewer_f
D:5:      lemuel_doored_altar, first_ration, minivault_4, minmay_strange_pillars
D:6:      nicolae_overflow_crystal_walls, lemuel_temple_firewalk_b,
          cheibrodos_sewer_entry_drain

Skill      XL: |  1  2  3  4  5  6  7 |
---------------+----------------------+-----
Spellcasting   | 3 4 5 6 |  6.0
Earth Magic    | 3 4 5 6 |  6.0
Dodging        | |  1.5
Stealth        | |  1.5
Transmutations | |  0.7

Action                   |  1- 3 |  4- 6 |  7- 9 || total
-------------------------+-------+-------+-------++-------
Melee: Short sword       |    21 |       |       ||    21
       Unarmed           |     2 |       |       ||     2
       Flail             |       |    26 |       ||    26
       Staff             |       |     4 |       ||     4
Throw: Stone             |     1 |     1 |       ||     2
 Cast: Sandblast         |    19 |    20 |    29 ||    68
       Stone Arrow       |       |    31 |       ||    31
  Use: Scroll            |       |     9 |     1 ||    10
Armor: Robe              |     4 |     8 |     2 ||    14
Dodge: Dodged            |    18 |    22 |    26 ||    66

Table legend:
 A = Spawn XP
 B = Non-spawn XP
 C = Spawn XP percentage of total XP
 D = Spawn monster count
 E = Non-spawn monster count
 F = Spawn count percentage of total count
 G = Total turns spent on level
                    A         B        C        D         E        F      G
               +---------+---------+-------+---------+---------+-------+---------
         Total |       0 |     921 |   0.0 |       0 |      55 |   0.0 |  3289
               +---------+---------+-------+---------+---------+-------+---------
           D:1 |       0 |       4 |   0.0 |       0 |       3 |   0.0 |    80
           D:2 |       0 |      23 |   0.0 |       0 |       6 |   0.0 |   166
           D:4 |       0 |     316 |   0.0 |       0 |      19 |   0.0 |  1651
           D:5 |       0 |     325 |   0.0 |       0 |      11 |   0.0 |  1181
           D:6 |       0 |     253 |   0.0 |       0 |      16 |   0.0 |   175
               +---------+---------+-------+---------+---------+-------+---------
